 Dungeon Crawl Stone Soup version 0.22-a0-142-g91cc6d7 (webtiles) character file.

4020 varam the Blocker (level 10, -3/85 (86) HPs)
             Began as a Hill Orc Fighter on Feb 5, 2018.
             Was a Priest of Makhleb.
             Slain by a sixfirhy (11 damage)
             ... summoned by a kobold demonologist
             ... on level 8 of the Dungeon.
             The game lasted 00:14:00 (7465 turns).

varam the Blocker (Hill Orc Fighter)                Turns: 7465, Time: 00:14:01

HP:   -3/85 (86)    AC: 13    Str: 20    XL:     10   Next: 23%
MP:   15/15         EV:  9    Int: 11    God:    Makhleb [***...]
Gold: 278           SH: 12    Dex: 16    Spells: 9/9 levels left

rFire    . . .     SeeInvis .   K - +2 hand axe of Objectivity {chop, *Corrode rPois Dex+6}
rCold    . . .     Gourm    .   c - +0 shield
rNeg     . . .     Faith    .   t - +4 ring mail
rPois    +         Spirit   .   F - +0 helmet
rElec    .         Reflect  .   p - +0 cloak
rCorr    .         Harm     .   (no gloves)
MR       .....                  (no boots)
Stlth    +.........             (no amulet)
HPRegen  0.24/turn              j - ring of poison resistance
MPRegen  0.14/turn              (no ring)

@: very slow
A: no striking features
a: Minor Destruction, Lesser Servant of Makhleb, Renounce Religion, Convert to
Beogh


You were on level 8 of the Dungeon.
You worshipped Makhleb.
Makhleb was most pleased with you.
You were not hungry.

You visited 1 branch of the dungeon, and saw 8 of its levels.

You collected 278 gold pieces.

Inventory:

Hand Weapons
 a - a +0 war axe
 K - the +2 hand axe of Objectivity (weapon) {chop, *Corrode rPois Dex+6}
   (You found it on level 8 of the Dungeon)

   It inflicts extra damage upon your enemies.
   It affects your dexterity (+6).
   It protects you from poison.
   It may corrode you when you take damage.
Missiles
 B - a silver tomahawk (quivered)
Armour
 c - a +0 shield (worn)
 p - a +0 cloak (worn)
 t - a +4 ring mail (worn)
 F - a +0 helmet (worn)
Jewellery
 j - a ring of poison resistance (left hand)
 v - an uncursed ring of protection from magic
 w - an uncursed ring of protection from magic
 J - an uncursed ring of fire {unknown}
Wands
 r - a wand of polymorph (25)
 y - a wand of random effects (14)
 C - a wand of paralysis (10)
 E - a wand of scattershot (3)
 L - a wand of acid (7)
 M - a wand of flame (34)
Scrolls
 d - a scroll of random uselessness
 e - 4 scrolls of remove curse
 i - 9 scrolls of identify
 k - 2 scrolls of magic mapping {unknown}
 n - 3 scrolls of amnesia {unknown}
 o - a scroll of enchant weapon {unknown}
 q - 2 scrolls of blinking {unknown}
 A - a scroll of noise {unknown}
 D - a scroll of immolation {unknown}
 G - 2 scrolls of fog {unknown}
 I - a scroll of teleportation {unknown}
Potions
 b - a potion of heal wounds
 g - a potion of agility {unknown}
 h - 6 potions of curing
 l - a potion of lignification {unknown}
 m - a potion of mutation {unknown}
 s - a potion of invisibility {unknown}
 u - a potion of brilliance {unknown}
 x - a potion of cancellation {unknown}
Books
 z - a book of Maledictions

   Spells                             Type                      Level
   a - Corona                         Hexes                        1
   b - Ensorcelled Hibernation        Hexes/Ice                    2
   c - Confuse                        Hexes                        3
   d - Tukima's Dance                 Hexes                        3
   e - Dazzling Spray                 Conjuration/Hexes            3
Comestibles
 f - 25 rations
 H - 4 chunks of flesh


   Skills:
 + Level 7.3 Fighting
 - Level 9.3 Axes
 + Level 6.6 Armour
 * Level 10.3 Shields
 + Level 6.7 Invocations


You had 9 spell levels left.
You didn't know any spells.

Dungeon Overview and Level Annotations

Branches:
Dungeon (8/15)             Temple (0/1) D:6
   Lair: D:8-11

Altars:
Gozag
Hepliaklqana
Kikubaaqudgha
Makhleb
Okawaru
Ru
Sif Muna
Trog
Xom
Yredelemnul

Annotations:
D:8 1 transporter


Message History

Pain shoots through your body!
The ufetubus hits the plant but does no damage. x2
The shadow imp gestures at you.
You struggle to resist.
The red devil hits you from afar with a trident.
The sixfirhy hits you. The sixfirhy shocks you!
The shadow imp shouts, "Give up, thou canting ill-breeding simpleton!"
The ufetubus hits you. The ufetubus closely misses you.
The quasit bites the plant but does no damage.
The quasit claws the plant but does no damage. x2
The shadow imp gestures at you. Pain shoots through your body!
The sixfirhy hits you but does no damage.
The red devil closely misses you. The sixfirhy hits you.
The sixfirhy shocks you!
* * * LOW HITPOINT WARNING * * *
The sixfirhy hits you!
* * * LOW HITPOINT WARNING * * *
The sixfirhy shocks you!
You die...

#...#########.#
#...#8P.©.P8#.#
#...#P.....P#.#
#...####'####.#
#...#5≈..5≈K#.#
#...#.≈.55≈o#.#
#...#5≈≈5P≈o#.#
#.#.#)≈≈3P3K#.#
...#.#.≈@P4≈5#.#
## #.#.≈.5.≈5#.#
#.#.≈...≈.#.#
#.####+####.#
#.#P./.).≈#.#
#.#8P$©$P8#.#
#.#########.#
#.....©.....#


You could see 2 kobold demonologists, a sixfirhy, a neqoxec, a red devil, 2 orc
priests, a quasit, a crimson imp, a white imp, 4 shadow imps and 2 ufetubi.

Vanquished Creatures
  A hippogriff (D:7)
  Sigmund (D:5)
  A human (D:7)
  4 hogs (D:7)
  Eustachio (D:5)
  Menkaure (D:5)
  Edmund (D:4)
  A water moccasin (D:5)
  A hornet zombie (D:6)
  A necrophage (D:5)
  The ghost of Alarkh the Slasher, an amateur DsFi (D:4)
  3 ogres
  3 centaurs
  Blork the orc (D:6)
  A bullfrog (D:7)
  3 scorpions
  11 killer bees
  2 howler monkeys
  5 orc priests
  4 hounds
  Crazy Yiuf (D:2)
  A bullfrog skeleton (D:8)
  7 orc wizards
  Ijyb (D:5)
  5 worker ants
  2 iguanas
  A worker ant zombie (D:7)
  3 gnolls (D:6)
  11 adders
  A shadow imp (D:5)
  2 oozes
  An adder zombie (D:6)
  3 worms
  5 dart slugs
  3 leopard geckos
  25 orcs
  5 bats
  5 giant cockroaches
  5 goblins
  5 hobgoblins
  3 jackals (D:7)
  4 quokkas
  2 ball pythons
  5 frilled lizards
  4 kobolds
  2 leopard gecko skeletons (D:4)
  A quokka skeleton (D:5)
  11 rats
171 creatures vanquished.

Notes
Turn   | Place    | Note
-------+----------+-------------------------------------------
     0 | D:1      | varam the Hill Orc Fighter began the quest for the Orb.
     0 | D:1      | Reached XP level 1. HP: 19/19 MP: 1/1
    31 | D:1      | Reached skill level 3 in Axes
   196 | D:1      | Reached XP level 2. HP: 24/26 MP: 2/2
   565 | D:1      | Reached skill level 4 in Axes
   565 | D:1      | Reached XP level 3. HP: 29/31 MP: 3/3
  1009 | D:2      | Found a basalt altar of Yredelemnul.
  1010 | D:2      | Found a hazy altar of Hepliaklqana.
  1288 | D:2      | Found a burning altar of Makhleb.
  1293 | D:2      | Found a deep blue altar of Sif Muna.
  1309 | D:2      | Found an ancient bone altar of Kikubaaqudgha.
  1310 | D:2      | Found an opulent altar of Gozag.
  1312 | D:2      | Became a worshipper of Makhleb the Destroyer
  1355 | D:2      | Reached skill level 4 in Shields
  1545 | D:2      | Found a runed door.
  1925 | D:2      | Noticed Crazy Yiuf
  1931 | D:2      | Killed Crazy Yiuf
  1931 | D:2      | Reached skill level 5 in Axes
  1931 | D:2      | Reached XP level 4. HP: 39/39 MP: 4/4
  1991 | D:3      | Reached XP level 5. HP: 32/45 MP: 5/5
  2173 | D:3      | Reached skill level 6 in Axes
  2381 | D:3      | Reached * piety under Makhleb
  2586 | D:4      | Noticed Alarkh's ghost (amateur DsFi)
  2594 | D:4      | Killed Alarkh's ghost
  2594 | D:4      | Reached skill level 7 in Axes
  2594 | D:4      | Reached skill level 5 in Shields
  2594 | D:4      | Reached XP level 6. HP: 44/51 MP: 6/6
  2873 | D:4      | Reached skill level 8 in Axes
  2873 | D:4      | Reached XP level 7. HP: 57/57 MP: 7/7
  3092 | D:4      | Found a bloodstained altar of Trog.
  3182 | D:4      | Reached skill level 9 in Axes
  3182 | D:4      | Reached skill level 6 in Shields
  3184 | D:5      | Entered Level 5 of the Dungeon
  3399 | D:4      | Noticed Edmund
  3422 | D:5      | Noticed Menkaure
  3432 | D:5      | HP: 1/57 [Menkaure (16)]
  3435 | D:5      | Killed Menkaure
  3435 | D:5      | Reached skill level 1 in Invocations
  3435 | D:5      | Reached XP level 8. HP: 29/66 MP: 8/8
  3639 | D:5      | Reached skill level 4 in Fighting
  3647 | D:5      | Reached skill level 2 in Invocations
  3655 | D:5      | Reached ** piety under Makhleb
  3664 | D:5      | Noticed Ijyb
  3677 | D:5      | Killed Ijyb
  3920 | D:4      | Reached skill level 7 in Shields
  3929 | D:4      | Reached skill level 4 in Armour
  4109 | D:4      | Killed Edmund
  4287 | D:4      | You fall through a shaft!
  4299 | D:5      | Noticed Eustachio
  4342 | D:5      | Killed Eustachio
  4342 | D:5      | Reached skill level 3 in Invocations
  4477 | D:5      | Noticed Sigmund
  4497 | D:5      | Killed Sigmund
  4497 | D:5      | Reached skill level 5 in Fighting
  4583 | D:5      | Reached skill level 8 in Shields
  4586 | D:5      | Reached skill level 4 in Invocations
  4586 | D:5      | Reached XP level 9. HP: 28/73 MP: 10/12
  5123 | D:5      | Reached skill level 5 in Armour
  5243 | D:5      | Found an iron altar of Okawaru.
  5824 | D:6      | Noticed Blork the orc
  5846 | D:6      | Killed Blork the orc
  5846 | D:6      | Reached skill level 6 in Fighting
  5901 | D:6      | Reached skill level 5 in Invocations
  6070 | D:6      | Found a shimmering altar of Xom.
  6074 | D:6      | Found a shimmering altar of Xom.
  6075 | D:6      | Found a shimmering altar of Xom.
  6373 | D:6      | Found a staircase to the Ecumenical Temple.
  6666 | D:7      | Reached skill level 9 in Shields
  6715 | D:7      | Reached *** piety under Makhleb
  6752 | D:7      | Reached skill level 6 in Armour
  6754 | D:7      | Reached skill level 6 in Invocations
  6833 | D:7      | Found an opulent altar of Gozag.
  6895 | D:7      | Reached XP level 10. HP: 56/83 MP: 14/14
  6924 | D:7      | Found a sacrificial altar of Ru.
  6952 | D:7      | Reached skill level 7 in Fighting
  6956 | D:7      | Reached skill level 10 in Shields
  7377 | D:8      | Got a smoking hand axe
  7383 | D:8      | Identified the +2 hand axe of Objectivity {chop, *Corrode rPois Dex+6} (You found it on level 8 of the Dungeon)
  7434 | D:8      | Found a transporter.
  7439 | D:8      | Noticed a kobold demonologist
  7442 | D:8      | Noticed a kobold demonologist
  7442 | D:8      | Noticed a deep elf knight
  7460 | D:8      | Noticed a sixfirhy
  7463 | D:8      | Found a transporter.
  7465 | D:8      | HP: 8/85 [sixfirhy[a kobold demonologist] (10)]
  7465 | D:8      | Slain by a sixfirhy

Vault maps used:
D:1:      dpeg_arrival_simpleton_a, minmay_tromino_i2
D:2:      grunt_temple_overflow_open, uniq_crazy_yiuf_cottage
D:4:      marbit_many_paths, first_ration, roderic_lattice_a, uniq_edmund
D:5:      kennysheep_okawaru_gauntlet, uniq_sigmund, uniq_menkaure, uniq_ijyb,
          uniq_eustachio
D:6:      xom_redecorated, minmay_temple_entry_enclosed_plants,
          solitary_fountain, minivault_14, minmay_misc_feat_plants,
          uniq_blork_the_orc
D:7:      lemuel_crystal_altar, basic_altar, grunt_livestock,
          serial_bayou_pond_e
D:8:      gammafunk_wand_slinger, lemuel_round_altar, minivault_10

Skill      XL: |  1  2  3  4  5  6  7  8  9 10 |
---------------+-------------------------------+-----
Axes           | 3 4 5 7 8 9 |  9.3
Shields        | 4 5 6 8 9 10 | 10.3
Invocations    | 1 4 6 |  6.7
Fighting       | 5 6 7 |  7.3
Armour         | 4 6 |  6.6

Action                   |  1- 3 |  4- 6 |  7- 9 | 10-12 || total
-------------------------+-------+-------+-------+-------++-------
Melee: War axe           |   135 |   102 |   380 |   114 ||   731
       Unarmed           |       |       |    26 |       ||    26
       Hand axe          |       |       |       |     4 ||     4
Throw: Tomahawk          |       |       |    16 |       ||    16
Evoke: Wand              |       |       |       |     1 ||     1
  Use: Potion            |       |     1 |     2 |       ||     3
       Scroll            |       |       |     2 |       ||     2
  Eat: Chunk             |     3 |       |    14 |     2 ||    19
       Ration            |       |     1 |       |       ||     1
Armor: Scale mail        |    70 |    11 |       |       ||    81
       Ring mail         |       |    33 |   143 |    83 ||   259
       Skin              |       |       |     7 |       ||     7
Dodge: Dodged            |    49 |    28 |   144 |    68 ||   289
Block: Shield            |    79 |    52 |   202 |    99 ||   432

Table legend:
 A = Spawn XP
 B = Non-spawn XP
 C = Spawn XP percentage of total XP
 D = Spawn monster count
 E = Non-spawn monster count
 F = Spawn count percentage of total count
 G = Total turns spent on level
                    A         B        C        D         E        F      G
               +---------+---------+-------+---------+---------+-------+---------
         Total |       0 |    5744 |   0.0 |       0 |     171 |   0.0 |  7465
               +---------+---------+-------+---------+---------+-------+---------
           D:1 |       0 |      49 |   0.0 |       0 |      23 |   0.0 |  1002
           D:2 |       0 |      73 |   0.0 |       0 |      11 |   0.0 |   975
           D:3 |       0 |     193 |   0.0 |       0 |      22 |   0.0 |   523
           D:4 |       0 |    1042 |   0.0 |       0 |      32 |   0.0 |  1182
           D:5 |       0 |    1307 |   0.0 |       0 |      25 |   0.0 |  1592
           D:6 |       0 |     710 |   0.0 |       0 |      21 |   0.0 |  1352
           D:7 |       0 |    1731 |   0.0 |       0 |      21 |   0.0 |   583
           D:8 |       0 |     639 |   0.0 |       0 |      16 |   0.0 |   256
               +---------+---------+-------+---------+---------+-------+---------
